[Event "46th OKU-C 2019"]
[Site "Utrecht"]
[Date "2019.05.31"]
[Round "1.4"]
[White "Jos, Ernst"]
[Black "Reichardt, Robin"]
[Result "1/2-1/2"]
[ECO "D05"]
[WhiteElo "1920"]
[BlackElo "2045"]
[Annotator "NA RC"]
[PlyCount "55"]
[EventDate "2019.05.31"]
[EventType "swiss"]
[EventCountry "NED"]
[SourceTitle "playchess.com"]
[Source "ChessBase"]
[SourceQuality "1"]
[TimeControl "6600+10"]

1. d4 d5 2. Nf3 Nf6 3. e3 e6 4. Bd3 c5 5. c3 Nc6 6. Nbd2 Be7 7. O-O O-O 8. dxc5 Bxc5 9. e4 b6 {[%emt 0:11:38] D05: Colle System with ...e6} (9... Qc7 10. exd5 exd5 11. Nb3 Bb6 12. Bg5 Ne4 13. Bxe4 dxe4 14. Nfd4 Ne5 15. Bf4 Nf3+ 16. Qxf3 exf3 17. Bxc7 fxg2 18. Rfe1 Bxc7 19. Nb5 Bb6 20. Nd6 Be6 21. Nxb7 Rab8 22. Nd6 Rfd8 23. Rad1 a5 24. Ne4 h6 {½-½ (24) Stanec,N (2473)-Horvath,D (2447) Austria 2018}) 10. Qe2 Qc7 $1 11. h3 Nh5 12. Qd1 Nf4 13. Nb3 Nxd3 14. Qxd3 Ne5 15. Nxe5 Qxe5 16. Nxc5 $146 ({Predecessor:} 16. exd5 Qxd5 17. Qxd5 exd5 {0-1 (36) Overesch,D (1701)-Emming,B (1726) Germany 2016}) 16... bxc5 17. exd5 exd5 18. Be3 Qd6 19. Rfd1 Rd8 20. Qb5 c4 21. Rd2 a6 22. Qa5 Be6 23. b3 Qc6 24. b4 Qb5 25. Bb6 Rd6 26. Bc7 Qxa5 27. Bxa5 Ra7 28. Rd4 $11 1/2-1/2

[Event "46th OKU-C 2019"]
[Site "Utrecht"]
[Date "2019.06.01"]
[Round "2.1"]
[White "Van Duijl, Henri"]
[Black "Kruisselbrink, Jan"]
[Result "1-0"]
[ECO "B32"]
[WhiteElo "1495"]
[BlackElo "1579"]
[Annotator "NA"]
[PlyCount "65"]
[EventDate "2019.05.31"]
[EventType "swiss"]
[EventCountry "NED"]
[SourceTitle "playchess.com"]
[Source "ChessBase"]
[SourceQuality "1"]
[TimeControl "6600+10"]

1. e4 c5 2. Nf3 Nc6 3. d4 cxd4 4. Nxd4 e5 5. Nb5 d6 6. c4 a6 7. N5c3 Nf6 8. h3 Be7 9. Be3 O-O 10. Be2 Be6 11. O-O Rc8 12. Nd2 Re8 13. Nd5 Bxd5 14. cxd5 Nb8 15. Qb3 b5 16. a4 bxa4 17. Rxa4 Nfd7 18. Rc4 Qa5 19. Rfc1 Nc5 20. Qd1 Qd8 21. b4 Nbd7 22. bxc5 dxc5 23. Nf3 Bd6 24. Ra4 a5 25. Bb5 Re7 26. Qe1 Ra8 27. Bc6 Ra7 28. Bd2 Nb8 29. Rxa5 Nxc6 30. dxc6 Rac7 31. Ra6 Qc8 32. Rca1 Rxc6 33. Ra8 1-0

[Event "46th OKU-C 2019"]
[Site "Utrecht"]
[Date "2019.06.01"]
[Round "2.2"]
[White "Smits, Marc"]
[Black "Van Egmond, Tom"]
[Result "0-1"]
[ECO "B23"]
[WhiteElo "1570"]
[BlackElo "1492"]
[Annotator "NA"]
[PlyCount "70"]
[EventDate "2019.05.31"]
[EventType "swiss"]
[EventCountry "NED"]
[SourceTitle "playchess.com"]
[Source "ChessBase"]
[SourceQuality "1"]
[TimeControl "6600+10"]

1. e4 c5 2. Nc3 Nc6 3. f4 d6 4. Nf3 g6 5. Be2 Bg7 6. d3 Nf6 7. Be3 O-O 8. Qd2 b5 9. Rb1 Rb8 10. d4 b4 11. Nd1 Nxe4 12. Qc1 cxd4 13. Bg1 Qa5 14. Kf1 Ba6 15. Bd3 b3 16. axb3 Rxb3 17. Nf2 Nxf2 18. Kxf2 Bxd3 19. Ra1 Qxa1 20. Qxa1 Bxc2 21. Nd2 Rb7 22. Qa6 Rb6 23. Qe2 d3 24. Qe4 Rc8 25. Kg3 Rxb2 26. f5 Be5+ 27. Kh3 Bc3 28. fxg6 hxg6 29. Be3 Bxd2 30. Bxd2 Bb1 31. Qg4 Rcb8 32. Bc3 d2 33. Rxb1 Rxb1 34. Qh4 f6 35. Bxd2 R1b3+ 0-1

[Event "46th OKU-C 2019"]
[Site "Utrecht"]
[Date "2019.06.01"]
[Round "2.3"]
[White "Heins, Ricardo"]
[Black "Van Manen, Siebe"]
[Result "1-0"]
[ECO "B95"]
[WhiteElo "1430"]
[BlackElo "1559"]
[Annotator "NA"]
[PlyCount "87"]
[EventDate "2019.05.31"]
[EventType "swiss"]
[EventCountry "NED"]
[SourceTitle "playchess.com"]
[Source "ChessBase"]
[SourceQuality "1"]
[TimeControl "6600+10"]

1. e4 c5 2. Nf3 d6 3. d4 cxd4 4. Nxd4 Nf6 5. Nc3 a6 6. Bc4 e6 7. Bg5 Be7 8. O-O b5 9. Bd3 O-O 10. Nf3 Bb7 11. a3 Nbd7 12. Qd2 Nc5 13. Rfe1 Nxd3 14. cxd3 h6 15. Bh4 Nxe4 16. Nxe4 Bxh4 17. Qf4 Be7 18. Ng3 e5 19. Qg4 Qc8 20. Nf5 Bf6 21. Nxh6+ Kh8 22. Nf5 g6 23. Qh3+ Kg8 24. Nh6+ Kg7 25. Ng4 Rh8 26. Qg3 Qf5 27. Nxf6 Kxf6 28. Nd2 Kg7 29. Rac1 Rh5 30. Ne4 Qd7 31. Qe3 f5 32. Ng3 Rh4 33. Qb6 Rc8 34. Rxc8 Bxc8 35. Rc1 Kf6 36. Rc7 Qe6 37. Ne2 Rh8 38. Rc6 Kg5 39. Rxd6 Qf7 40. g3 Rg8 41. Qe3+ f4 42. Qxe5+ Bf5 43. Qxf4+ Kh5 44. Qh4# 1-0

[Event "46th OKU-C 2019"]
[Site "Utrecht"]
[Date "2019.06.01"]
[Round "2.4"]
[White "Van den Dool, Gerrit"]
[Black "Van Essen, Marieke"]
[Result "1/2-1/2"]
[ECO "C25"]
[WhiteElo "1406"]
[BlackElo "1553"]
[Annotator "NA"]
[PlyCount "96"]
[EventDate "2019.05.31"]
[EventType "swiss"]
[EventCountry "NED"]
[SourceTitle "playchess.com"]
[Source "ChessBase"]
[SourceQuality "1"]
[TimeControl "6600+10"]

1. e4 e5 2. Nc3 Nc6 3. Bc4 Bc5 4. d3 h6 5. Nge2 d6 6. a3 Be6 7. Nd5 Nge7 8. b4 Bb6 9. Nxb6 axb6 10. O-O Bxc4 11. dxc4 f5 12. b5 Na5 13. exf5 Nxf5 14. Qd3 O-O 15. Bd2 Kh8 16. f4 Qe7 17. fxe5 Qxe5 18. Bc3 Qc5+ 19. Kh1 Nxc4 20. Rxf5 Rxf5 21. Bd4 Qd5 22. Ng3 Re5 23. Bxe5 Qxd3 24. Bxg7+ Kxg7 25. cxd3 Rxa3 26. Rc1 Rxd3 27. Kg1 d5 28. Ne4 Kg6 29. Kf2 Rb3 30. Nc3 c6 31. Ke2 Rb2+ 32. Kf3 Nd6 33. bxc6 bxc6 34. Nxd5 c5 35. Nxb6 Rxb6 36. Rc2 c4 37. Rxc4 Nf5 38. Rc5 Rb2 39. g4 Rb3+ 40. Kf2 Nh4 41. Rh5 Rh3 42. Kg1 Nf3+ 43. Kg2 Rxh5 44. gxh5+ Kxh5 45. Kxf3 Kh4 46. Kg2 h5 47. Kg1 Kh3 48. Kh1 h4 1/2-1/2

[Event "46th OKU-C 2019"]
[Site "Utrecht"]
[Date "2019.06.01"]
[Round "3.3"]
[White "Van Essen, Marieke"]
[Black "Molanus, Eva"]
[Result "1-0"]
[ECO "B23"]
[WhiteElo "1553"]
[BlackElo "1262"]
[Annotator "NA"]
[PlyCount "35"]
[EventDate "2019.05.31"]
[EventType "swiss"]
[EventCountry "NED"]
[SourceTitle "playchess.com"]
[Source "ChessBase"]
[SourceQuality "1"]
[TimeControl "6600+10"]

1. e4 c5 2. Nc3 d6 3. f4 Nc6 4. Nf3 g6 5. Bc4 Bg7 6. d3 e6 7. O-O Nge7 8. Qe1 O-O 9. Qh4 a6 10. f5 exf5 11. Bh6 fxe4 12. dxe4 d5 13. Ng5 Bd4+ 14. Kh1 f6 15. Nxd5 Nxd5 16. Bxd5+ Kh8 17. Bg7+ Kxg7 18. Qxh7# 1-0

[Event "46th OKU-C 2019"]
[Site "Utrecht"]
[Date "2019.06.01"]
[Round "3.4"]
[White "Van den Akker, Bart"]
[Black "Van den Dool, Gerrit"]
[Result "1-0"]
[ECO "D12"]
[WhiteElo "1503"]
[BlackElo "1406"]
[Annotator "NA"]
[PlyCount "75"]
[EventDate "2019.05.31"]
[EventType "swiss"]
[EventCountry "NED"]
[SourceTitle "playchess.com"]
[Source "ChessBase"]
[SourceQuality "1"]
[TimeControl "6600+10"]

1. d4 c6 2. Nf3 d5 3. e3 Bf5 4. c4 e6 5. Be2 Nd7 6. O-O h6 7. Nc3 Bd6 8. b3 Ngf6 9. Bb2 O-O 10. Bd3 Bg4 11. Re1 Nh7 12. h3 Bxf3 13. Qxf3 Ng5 14. Qd1 f5 15. Ne2 Ne4 16. f4 Qh4 17. Rf1 Rf6 18. Qe1 Qh5 19. Bxe4 fxe4 20. Ng3 Qh4 21. Nxe4 Qxe1 22. Nxf6+ Nxf6 23. Raxe1 Ne4 24. Rf3 dxc4 25. bxc4 Nd2 26. Rg3 Nxc4 27. Bc3 g5 28. h4 Be7 29. hxg5 hxg5 30. fxg5 Nd6 31. e4 Nb5 32. Bb2 c5 33. d5 c4 34. a4 Bc5+ 35. Kf1 Rf8+ 36. Rf3 c3 37. Rf4 Rf7 38. Rxf7 1-0

[Event "46th OKU-C 2019"]
[Site "Utrecht"]
[Date "2019.06.01"]
[Round "4.1"]
[White "Li-Behn, Tobias"]
[Black "Heins, Ricardo"]
[Result "1-0"]
[ECO "D02"]
[WhiteElo "1237"]
[BlackElo "1430"]
[Annotator "NA RC"]
[PlyCount "174"]
[EventDate "2019.05.31"]
[EventType "swiss"]
[EventCountry "NED"]
[SourceTitle "playchess.com"]
[Source "ChessBase"]
[SourceQuality "1"]
[TimeControl "6600+10"]

1. d4 d5 2. Bf4 Nf6 3. Nf3 e6 4. e3 Bd6 5. Bg3 O-O 6. Bd3 c5 7. c3 c4 8. Bc2 Nc6 9. Nbd2 Qc7 10. Qe2 b5 11. e4 dxe4 12. Nxe4 Nxe4 13. Bxe4 Rb8 14. Bxd6 Qxd6 15. O-O Ne7 16. Rfe1 Bb7 17. Bxb7 Rxb7 18. Qc2 h6 19. Nd2 Ng6 20. a4 a6 21. Ne4 Qd5 22. Nc5 Rb6 23. g3 Rd6 24. axb5 axb5 25. Ra5 Rb8 26. Na6 Rbb6 27. Nb4 Qb7 28. Rea1 Rd8 29. Qe2 Qe7 30. Qf3 Qg5 31. Ra7 Rf8 32. Qe2 Nf4 33. Qd1 Nd5 34. Nxd5 Qxd5 35. Qe2 Rfb8 36. R1a5 Qf5 37. Kg2 Qd5+ 38. Qf3 Qxf3+ 39. Kxf3 g6 40. Rc7 R6b7 41. Rc5 f6 42. Ra6 Rb6 43. Rc8+ Rxc8 44. Rxb6 Kf7 45. Rxb5 Rc7 46. h4 h5 47. Ke3 Ke7 48. f3 Kf7 49. Kf4 Kg7 50. g4 hxg4 51. Kxg4 Kf7 52. f4 Kg7 53. h5 gxh5+ 54. Kxh5 Kf7 55. Kh6 Ke7 56. Kg6 Rd7 57. f5 exf5 58. Kxf5 Rd8 59. Rb7+ Kd6 60. Kxf6 Rf8+ 61. Rf7 Rb8 62. Ra7 Rxb2 63. Ra6+ Kd5 64. Ra5+ Kd6 65. Rc5 Rf2+ 66. Kg5 Rg2+ 67. Kf4 Rd2 68. Rxc4 Rh2 69. Rc5 Ke6 70. Ke4 Rh4+ 71. Kd3 Kd6 72. Kc4 Rg4 73. Ra5 Kc6 74. Ra6+ Kb7 75. Rd6 Kc7 76. Kc5 Rg3 77. c4 Rg5+ 78. d5 Rg1 79. Ra6 Rc1 80. d6+ Kd7 81. Ra7+ Kd8 82. d7 Rc2 83. Kd6 Rd2+ 84. Kc6 Rd4 85. c5 Rd3 86. Ra8+ Ke7 87. Re8+ Kf7 1-0

[Event "46th OKU-C 2019"]
[Site "Utrecht"]
[Date "2019.06.01"]
[Round "4.3"]
[White "Schonewille, Midas"]
[Black "Van Manen, Siebe"]
[Result "1-0"]
[ECO "D00"]
[WhiteElo "1506"]
[BlackElo "1559"]
[Annotator "NA RC"]
[PlyCount "43"]
[EventDate "2019.05.31"]
[EventType "swiss"]
[EventCountry "NED"]
[SourceTitle "playchess.com"]
[Source "ChessBase"]
[SourceQuality "1"]
[TimeControl "6600+10"]

1. d4 d5 2. Bf4 Bf5 3. Nc3 a6 4. e3 e6 5. Nf3 Bd6 6. Bg3 Bxg3 7. hxg3 Bg4 8. Qd2 Nf6 9. Ne5 Bf5 10. Be2 Ne4 11. Nxe4 Bxe4 12. f3 f6 13. fxe4 fxe5 14. Bh5+ Kd7 15. exd5 Qg5 16. dxe6+ Kxe6 17. O-O-O Qxg3 18. Qe2 Qg5 19. Qc4+ Ke7 20. Qf7+ Kd8 21. dxe5+ Kc8 22. Qe6+ 1-0

[Event "46th OKU-C 2019"]
[Site "Utrecht"]
[Date "2019.06.02"]
[Round "5.1"]
[White "Li-Behn, Tobias"]
[Black "Van Egmond, Tom"]
[Result "0-1"]
[ECO "B32"]
[WhiteElo "1237"]
[BlackElo "1492"]
[Annotator "NA"]
[PlyCount "88"]
[EventDate "2019.05.31"]
[EventType "swiss"]
[EventCountry "NED"]
[SourceTitle "playchess.com"]
[Source "ChessBase"]
[SourceQuality "1"]
[TimeControl "6600+10"]

1. d4 c5 2. dxc5 Nc6 3. Nf3 e5 4. e4 Bxc5 5. c3 Nf6 6. Bd3 h6 7. h3 O-O 8. O-O d6 9. Nbd2 Be6 10. b4 Bb6 11. Qe2 Nh5 12. Nc4 Ng3 13. Qc2 Nxf1 14. Kxf1 Qf6 15. Nxb6 axb6 16. a4 Bxh3 17. Ng1 Bd7 18. Be3 d5 19. b5 dxe4 20. Bxe4 Nd8 21. c4 Kh8 22. Ne2 Be6 23. Bxb6 Bxc4 24. Bxd8 Bxe2+ 25. Qxe2 Rfxd8 26. Bxb7 e4 27. Ra2 Qh4 28. Kg1 Ra7 29. Bc6 e3 30. g3 exf2+ 31. Kxf2 Qd4+ 32. Qe3 Rxa4 33. Re2 Qxe3+ 34. Rxe3 Rb4 35. Re7 Kg8 36. Rb7 g6 37. Kf3 Kg7 38. Re7 Rd3+ 39. Kg2 Rd2+ 40. Kf3 Rdb2 41. Re5 Kf6 42. Rd5 h5 43. Rd6+ Ke5 44. Rd7 R4b3+ 0-1

[Event "46th OKU-C 2019"]
[Site "Utrecht"]
[Date "2019.06.02"]
[Round "5.2"]
[White "Van Essen, Marieke"]
[Black "Van den Akker, Bart"]
[Result "1-0"]
[ECO "C55"]
[WhiteElo "1553"]
[BlackElo "1503"]
[Annotator "NA"]
[PlyCount "73"]
[EventDate "2019.05.31"]
[EventType "swiss"]
[EventCountry "NED"]
[SourceTitle "playchess.com"]
[Source "ChessBase"]
[SourceQuality "1"]
[TimeControl "6600+10"]

1. e4 e5 2. Nf3 Nc6 3. Bc4 Be7 4. Nc3 d6 5. h3 Nf6 6. O-O O-O 7. Re1 b6 8. d4 exd4 9. Nxd4 Nxd4 10. Qxd4 Bb7 11. Bf4 a6 12. a4 c5 13. Qe3 Qd7 14. Rad1 Qc6 15. Bd5 Qc7 16. Bxb7 Qxb7 17. Bxd6 Ne8 18. Bxe7 Qxe7 19. Nd5 Qb7 20. Qg3 Kh8 21. Qe5 Ra7 22. Rd3 f6 23. Qe6 b5 24. a5 Qf7 25. Qxf7 Raxf7 26. Nb6 Rc7 27. Rd8 Rg8 28. Red1 Ra7 29. Rc8 Re7 30. f3 c4 31. Rdd8 f5 32. Nd5 Re5 33. Nc7 Nf6 34. Rxg8+ Nxg8 35. Nxa6 b4 36. exf5 Rxa5 37. Nxb4 1-0

[Event "46th OKU-C 2019"]
[Site "Utrecht"]
[Date "2019.06.02"]
[Round "5.3"]
[White "Schonewille, Midas"]
[Black "Van Duijl, Henri"]
[Result "0-1"]
[ECO "A80"]
[WhiteElo "1506"]
[BlackElo "1495"]
[Annotator "NA"]
[PlyCount "66"]
[EventDate "2019.05.31"]
[EventType "swiss"]
[EventCountry "NED"]
[SourceTitle "playchess.com"]
[Source "ChessBase"]
[SourceQuality "1"]
[TimeControl "6600+10"]

1. d4 f5 2. Nc3 Nf6 3. Bg5 e6 4. a3 Be7 5. Bxf6 Bxf6 6. e3 Qe7 7. Bc4 d5 8. Bd3 c6 9. Qd2 Nd7 10. O-O-O Nb6 11. Nce2 Bd7 12. Nf3 O-O-O 13. Kb1 Kb8 14. Nc1 c5 15. dxc5 Qxc5 16. Nb3 Qc7 17. Nfd4 Nc4 18. Qe2 Rc8 19. Rc1 Qb6 20. Rhd1 Rhe8 21. Ka2 g6 22. f4 Ba4 23. Bxc4 dxc4 24. Nd2 c3 25. N2b3 cxb2 26. Kxb2 Bxb3 27. cxb3 Rxc1 28. Kxc1 Bxd4 29. exd4 Qxb3 30. Rd3 Rc8+ 31. Kd2 Rc2+ 32. Ke3 Rxe2+ 33. Kxe2 Qd5 0-1

[Event "46th OKU-C 2019"]
[Site "Utrecht"]
[Date "2019.06.02"]
[Round "5.4"]
[White "Smits, Marc"]
[Black "Beaumont, Chris R"]
[Result "1/2-1/2"]
[ECO "B40"]
[WhiteElo "1570"]
[BlackElo "2264"]
[Annotator "ChessBase"]
[PlyCount "109"]
[EventDate "2019.05.31"]
[EventType "swiss"]
[EventCountry "NED"]
[SourceTitle "playchess.com"]
[Source "ChessBase"]
[SourceQuality "1"]
[TimeControl "6600+10"]

1. e4 e6 2. Nf3 c5 3. Be2 Nc6 4. O-O Be7 5. Nc3 Nf6 6. d3 O-O 7. e5 Ne8 8. Ne4 d5 9. Neg5 h6 10. Nh3 b5 11. Bd2 Bb7 12. Qc1 Kh7 13. d4 g5 14. Bd3+ Kh8 15. Bxg5 hxg5 16. Nfxg5 Kg7 17. Qf4 Bxg5 18. Nxg5 Qe7 19. Qg3 f6 20. Nh3+ Kh8 21. Qh4+ Kg8 22. Nf4 fxe5 23. Qxe7 Nxe7 24. Nxe6 Rf6 25. Nxc5 Bc6 26. dxe5 Rh6 27. f4 Nc7 28. f5 Kf7 29. Rae1 Rah8 30. h3 Rg8 31. f6 d4 32. Rf2 Ne6 33. fxe7+ Kxe7 34. Nxe6 Kxe6 35. Bf5+ Ke7 36. Rd1 Rh4 37. Bg4 Bd7 38. Bxd7 Kxd7 39. Rd3 Ke6 40. Rf6+ Kxe5 41. Rf7 a6 42. Ra7 Rg6 43. Ra3 Re4 44. R7xa6 Rg5 45. Rb6 Re1+ 46. Kf2 Rc1 47. Rxb5+ Kf6 48. Rxg5 Kxg5 49. Ke2 Rxc2+ 50. Kd3 Rxg2 51. b4 Rg3+ 52. Kxd4 Rxa3 53. b5 Rxa2 54. b6 Rb2 55. Kc5 1/2-1/2

[Event "46th OKU-C 2019"]
[Site "Utrecht"]
[Date "2019.06.02"]
[Round "6.1"]
[White "Van Egmond, Tom"]
[Black "Van Essen, Marieke"]
[Result "1/2-1/2"]
[ECO "D92"]
[WhiteElo "1492"]
[BlackElo "1553"]
[Annotator "NA"]
[PlyCount "100"]
[EventDate "2019.05.31"]
[EventType "swiss"]
[EventCountry "NED"]
[SourceTitle "playchess.com"]
[Source "ChessBase"]
[SourceQuality "1"]
[TimeControl "6600+10"]

1. Nf3 Nf6 2. c4 d5 3. d4 g6 4. Nc3 Bg7 5. Bf4 Nc6 6. e3 O-O 7. Be2 e6 8. O-O b6 9. Nb5 a6 10. Nc3 Bb7 11. h3 Ne7 12. b4 dxc4 13. Bxc4 Nfd5 14. Nxd5 Nxd5 15. Bxd5 Bxd5 16. Re1 f5 17. a3 c5 18. Rc1 c4 19. Nd2 b5 20. Nb1 Qh4 21. Nd2 Qd8 22. Nb1 Qb6 23. f3 Rfe8 24. Bg3 g5 25. Bf2 Qb7 26. Nc3 a5 27. Ra1 axb4 28. axb4 Bf8 29. e4 Bxb4 30. exd5 Bxc3 31. Rxa8 Rxa8 32. Qe2 Bxe1 33. Qxe6+ Qf7 34. Bxe1 Qxe6 35. dxe6 Ra4 36. d5 Kf8 37. d6 Ke8 38. Bc3 Ra7 39. d7+ Rxd7 40. exd7+ Kxd7 41. Kf2 Kc6 42. Bb4 Kd5 43. Ke2 Kd4 44. Kd2 f4 45. Be7 c3+ 46. Kc2 Ke3 47. Kxc3 Kf2 48. Bxg5 Kxg2 49. Bxf4 Kxf3 50. Be5 Ke4 1/2-1/2

[Event "46th OKU-C 2019"]
[Site "Utrecht"]
[Date "2019.06.02"]
[Round "6.3"]
[White "Beaumont, Chris R"]
[Black "Li-Behn, Tobias"]
[Result "1/2-1/2"]
[ECO "D02"]
[WhiteElo "2264"]
[BlackElo "1237"]
[Annotator "ChessBase"]
[PlyCount "50"]
[EventDate "2019.05.31"]
[EventType "swiss"]
[EventCountry "NED"]
[SourceTitle "playchess.com"]
[Source "ChessBase"]
[SourceQuality "1"]
[TimeControl "6600+10"]

1. Nf3 Nf6 2. g3 g6 3. Bg2 Bg7 4. O-O O-O 5. d4 d5 6. c3 c6 7. Nbd2 Nbd7 8. b3 b6 9. Bb2 a5 10. a4 Ba6 11. Re1 Re8 12. e4 dxe4 13. Nxe4 Qc7 14. Rc1 e5 15. Nxf6+ Bxf6 16. dxe5 Nxe5 17. Nxe5 Bxe5 18. Qf3 Bb7 19. Re3 Bg7 20. h4 Red8 21. Rc2 Bh6 22. Re1 Rab8 23. Qe2 Qd7 24. Bc1 Bxc1 25. Rexc1 Re8 1/2-1/2